 Dungeon Crawl Stone Soup version 0.31-a0-1626-g5cb510d322 (webtiles) character file.

Game seed: 8805567058476757077

6583 Ivernyr the Blocker (level 11, -9/81 (87) HPs)
             Began as a Formicid Fighter on Jan 11, 2024.
             Was a High Priest of Zin.
             Mangled by a wight
             ... wielding a +7 great sword
              (19 damage)
             ... on level 8 of the Dungeon on Jan 12, 2024.
             The game lasted 00:27:56 (9503 turns).

Ivernyr the Blocker (Formicid Fighter)              Turns: 9503, Time: 00:27:56

HP:   -9/81 (87)    AC: 18    Str: 25    XL:     11   Next: 21%
MP:   16/16         EV: 11    Int: 15    God:    Zin [*****.]
Gold: 235           SH:  6    Dex: 13    Spells: 10/10 levels left

rFire   . . .        a - +0 quarterstaff
rCold   . . .        c - +0 buckler
rNeg    . . .        x - +7 toga "Victory" {*Victory Int+7 Slay+7 Clar}
rPois   +            (helmet unavailable)
rElec   .            b - +2 cloak
rCorr   +            n - +0 pair of gloves
SInv    +            w - +2 pair of boots
Will    +....        o - amulet of the acrobat
Stlth   +            h - ring of poison resistance
HPRegen 0.33/turn    s - ring of resist corrosion
MPRegen 0.15/turn

%: acrobat, clarity
@: drained
A: permanent stasis, dig shafts and tunnels, antennae 3, four strong arms
a: Dig, Shaft Self, Renounce Religion, Recite, Vitalisation, Imprison,
Sanctuary, Donate Gold


You were on level 8 of the Dungeon.
You worshipped Zin.
Zin was extremely pleased with you.
You visited 1 branch of the dungeon, and saw 13 of its levels.
You also visited: Sewer.

You collected 535 gold pieces.
You spent 247 gold pieces at shops.
You donated 53 gold pieces to Zin.

Inventory:

Hand Weapons
 a - a +0 quarterstaff (weapon)
Missiles
 q - 3 throwing nets
Armour
 b - a +2 cloak (worn)
 c - a +0 buckler (worn)
 n - a +0 pair of gloves (worn)
 w - a +2 pair of boots (worn)
 x - the +7 toga "Victory" (worn) {*Victory Int+7 Slay+7 Clar}
   (You found it on level 6 of the Dungeon)

   *Victory:  When the wearer kills a threatening monster, it has a chance to
   gain +1 AC, +1 Slay, and +1 Int, capping at +7.
   When the wearer uses a scroll or a potion with a hostile monster in sight,
   its bonuses reset to +0.
   Unequipping it also resets its bonuses to +0.
   Int+7:     It affects your intelligence (+7).
   Slay+7:    It affects your accuracy & damage with ranged weapons and melee
   (+7).
   Clar:      It protects you from confusion, rage, mesmerisation and fear.
Jewellery
 h - a ring of poison resistance (left hand)
 o - an amulet of the acrobat (around neck)
 s - a ring of resist corrosion (right hand)
Wands
 k - a wand of charming (10)
 r - a wand of flame (80)
 z - a wand of digging (2)
 D - a wand of quicksilver (5)
Scrolls
 f - a scroll of enchant armour
 j - 6 scrolls of fog
 p - a scroll of blinking
 t - a scroll of enchant weapon
 v - 2 scrolls of immolation
 y - a scroll of silence {unknown}
 C - 2 scrolls of teleportation {unknown}
Potions
 d - a potion of attraction {unknown}
 e - a potion of haste {unknown}
 g - a potion of invisibility {unknown}
 i - 2 potions of curing {unknown}
 l - 6 potions of brilliance {unknown}
 m - a potion of heal wounds {unknown}
 u - 2 potions of ambrosia
 A - a potion of berserk rage {unknown}
 B - a potion of degeneration {unknown}


   Skills:
 + Level 8.9 Fighting
 + Level 7.8 Staves
 + Level 8.9 Armour
 + Level 10.6 Shields
 + Level 7.8 Invocations


You had 10 spell levels left.
You didn't know any spells.
Your spell library contained the following spells:

 Spells                   Type           Power      Damage    Failure   Level
 Slow                     Hex            0%         N/A       30%         1
 Summon Small Mammal      Summ           0%         N/A       30%         1
 Lesser Beckoning         Tloc           0%         N/A       41%         2
 Momentum Strike          Conj/Tloc      0%         3d8       41%         2
 Call Canine Familiar     Summ           0%         N/A       65%         3
 Confusing Touch          Hex            0%         N/A       65%         3
 Sigil of Binding         Hex            0%         N/A       65%         3
 Summon Ice Beast         Ice/Summ       0%         N/A       65%         3
 Vampiric Draining        Necr           0%         2d6       65%         3
 Summon Blazeheart Golem  Fire/Summ      0%         N/A       96%         4
 Summon Mana Viper        Hex/Summ       0%         N/A       100%        5
 Monstrous Menagerie      Summ           0%         N/A       100%        7
 Blink                    Tloc           Unusable   N/A       N/A         2

Dungeon Overview and Level Annotations

Branches:
Dungeon (13/15)            Temple (0/1) D:6            Lair (0/5) D:10
  Sewer (visited)
    Orc: D:9-12      Vaults: D:13-14

Altars:
Ashenzari
Cheibriados
Elyvilon
Hepliaklqana
Nemelex Xobeh
Qazlal
Ru
Trog
Wu Jian
Xom
Yredelemnul
Zin

Shops:
D:4 *   D:6 *   D:12 *

Annotations:
D:9 Grum


Innate Abilities, Weirdness & Mutations

You cannot be hasted, slowed, berserked, paralysed or teleported.
You can dig through walls and to a lower floor.
You have a pair of large antennae on your head. (SInv)
Your four strong arms can wield two-handed weapons with a shield.


Message History

You see here a +0 spear.
You barely miss the wight. "...and embraced reverence, for they feared Zin's wrath."
You finish reciting Anathema 2:17.
The wight hits you with a +7 great sword!
You feel drained.
You sock the wight!
The wight is almost destroyed.
The wight hits you with a +7 great sword.
You hit the wight but do no damage.
The wight is almost destroyed.
The wight hits you with a +7 great sword!
* * * LOW HITPOINT WARNING * * *
You feel drained.
* * * LOW HITPOINT WARNING * * *
The killer bee attacks as it pursues you!
The killer bee completely misses you. You block the killer bee's attack.
Items here: ) ††††.
The killer bee closely misses you.
There is a stone staircase leading down, spattered with blood here.
The killer bee stings you but does no damage.
The killer bee barely misses you.
You climb downwards.
Level annotation: Grum
There is a stone staircase leading up here.
You miss the killer bee. The killer bee closely misses you.
The killer bee misses you.
You barely miss the killer bee. The killer bee stings you.
* * * LOW HITPOINT WARNING * * *
You are poisoned.
The killer bee poisons you! The killer bee barely misses you.
You thump the killer bee!
You kill the killer bee!
You are ready to recite again.
You feel sick.
You start resting.
You feel sick. x6
You are no longer poisoned.
You climb upwards.
The wight hits you with a +7 great sword!!
You die...

...{.......###.
...............
..........#
...#......####
.######....#
........>..#
.######.)..#
#####)..#
#.z@)[..#
....).###...#
..#.# ##.## ..
.# # .# {{ .#
.# ..


You could see a wight (corona).

Vanquished Creatures
  A centaur warrior (D:10)
  A deep elf pyromancer (D:13)
  2 ugly things
  A cyclops (D:12)
  A gargoyle (D:12)
  2 steam dragons
  2 acid dragons
  Duvessa (D:4)
  3 orc warriors
  An ice beast (D:8)
  3 ogres
  2 wolves (D:10)
  2 centaurs
  A phantom (D:4)
  Blork the orc (D:6)
  5 kobold brigands
  A bullfrog (D:6)
  3 gnoll sergeants
  A scorpion (D:5)
  4 wights
  11 killer bees
  Dowan (D:4)
  4 howler monkeys
  A jelly (D:4)
  2 orc priests
  3 hounds (D:4)
  Jessica (D:2)
  2 sleepcaps (D:6)
  An iguana (D:5)
  4 orc wizards
  Terence (D:2)
  25 gnolls
  9 adders
  A white imp (D:6)
  2 ufetubi (D:5)
  2 dart slugs (D:4)
  33 orcs
  6 bats
  9 endoplasms
  4 giant cockroaches
  6 hobgoblins
  20 jackals
  27 kobolds
  2 quokkas
  10 ball pythons
  3 frilled lizards
  7 goblins
  3 rats
238 creatures vanquished.

Vanquished Creatures (others)
  An orc wizard (D:10)
  A giant cockroach (D:3)
2 creatures vanquished.

Grand Total: 240 creatures vanquished

Notes
Turn   | Place    | Note
-------+----------+-------------------------------------------
     0 | D:1      | Ivernyr the Formicid Fighter began the quest for the Orb.
     0 | D:1      | Reached XP level 1. HP: 18/18 MP: 1/1
   296 | D:1      | Reached XP level 2. HP: 18/24 MP: 2/2
  1082 | D:2      | Reached XP level 3. HP: 26/29 MP: 3/3
  1169 | D:2      | Noticed Terence
  1174 | D:2      | Killed Terence
  1220 | D:2      | Reached XP level 4. HP: 37/37 MP: 4/4
  1341 | D:2      | Found a faded altar of an unknown god.
  1473 | D:2      | Noticed Jessica
  1484 | D:2      | Killed Jessica
  1485 | D:2      | Reached XP level 5. HP: 38/42 MP: 5/5
  1561 | D:2      | Reached skill level 5 in Shields
  1824 | D:3      | Found a sacrificial altar of Ru.
  2242 | D:3      | Found a glowing drain.
  2250 | Sewer    | Entered a sewer
  2267 | Sewer    | Noticed a kobold brigand
  2267 | Sewer    | Noticed a kobold brigand
  2299 | Sewer    | Killed a kobold brigand
  2300 | Sewer    | Reached XP level 6. HP: 38/49 MP: 6/6
  2735 | D:3      | Found a glowing silver altar of Zin.
  2736 | D:3      | Noticed an angel
  2739 | D:3      | Found a shimmering altar of Xom.
  2963 | D:3      | Became a worshipper of Zin the Law-Giver
  2963 | D:3      | Reached * piety under Zin
  3151 | D:4      | Found a white marble altar of Elyvilon.
  3229 | D:4      | Reached XP level 7. HP: 55/55 MP: 7/7
  3333 | D:4      | Reached skill level 6 in Shields
  3344 | D:4      | Reached skill level 5 in Fighting
  3344 | D:4      | Reached skill level 5 in Armour
  3755 | D:4      | Reached skill level 1 in Invocations
  3775 | D:4      | Found a broken altar of Ashenzari.
  3778 | D:4      | Reached ** piety under Zin
  3784 | D:4      | Noticed Duvessa
  3784 | D:4      | Noticed Dowan
  3796 | D:4      | Killed Duvessa
  3805 | D:4      | Killed Dowan
  3806 | D:4      | Reached XP level 8. HP: 44/63 MP: 9/9
  4087 | D:4      | Found Filepuna's Assorted Antiques.
  4539 | D:4      | Reached skill level 7 in Shields
  4912 | D:5      | Entered Level 5 of the Dungeon
  4925 | D:5      | Reached skill level 5 in Staves
  5185 | D:5      | Reached *** piety under Zin
  5267 | D:5      | You fall into a shaft and drop 2 floors!
  5570 | D:6      | Found the +0 toga "Victory" {*Victory Clar}
  5598 | D:6      | Noticed Blork the orc
  5606 | D:6      | Killed Blork the orc
  5607 | D:6      | Reached XP level 9. HP: 64/69 MP: 11/11
  5663 | D:6      | Found Ixudouf's General Store.
  5663 | D:6      | Found a staircase to the Ecumenical Temple.
  5671 | D:6      | Bought a +2 cloak for 247 gold pieces
  5969 | D:6      | Found a snail-covered altar of Cheibriados.
  6019 | D:6      | Found a basalt altar of Yredelemnul.
  6200 | D:6      | Reached skill level 8 in Shields
  6681 | D:7      | Found a sparkling altar of Nemelex Xobeh.
  6802 | D:7      | You fall into a shaft and drop 3 floors!
  6802 | D:10     | Entered Level 10 of the Dungeon
  6978 | D:10     | You fall into a shaft and drop 2 floors!
  7226 | D:12     | Reached skill level 5 in Invocations
  7329 | D:12     | Noticed a cyclops
  7419 | D:11     | Noticed a purple ugly thing
  7434 | D:11     | You fall into a shaft and drop 2 floors!
  7567 | D:13     | Noticed a deep elf pyromancer
  7581 | D:13     | Killed a deep elf pyromancer
  7621 | D:12     | Noticed a cyclops
  7635 | D:12     | Killed a cyclops
  7636 | D:12     | Reached skill level 9 in Shields
  7636 | D:12     | Reached XP level 10. HP: 63/79 MP: 14/14
  7687 | D:12     | Reached **** piety under Zin
  7688 | D:12     | Found Velipt's General Store.
  7775 | D:12     | Noticed a gargoyle
  7775 | D:12     | Noticed a purple ugly thing
  7803 | D:12     | Killed a purple ugly thing
  7809 | D:12     | Killed a gargoyle
  8050 | D:11     | Killed a purple ugly thing
  8259 | D:10     | Found a staircase to the Lair.
  8376 | D:10     | Noticed a centaur warrior
  8392 | D:10     | Killed a centaur warrior
  8393 | D:10     | Reached skill level 10 in Shields
  8497 | D:10     | Found a bloodstained altar of Trog.
  8565 | D:10     | Found an ornate altar of the Wu Jian Council.
  8612 | D:9      | Noticed Grum
  8682 | D:10     | Reached XP level 11. HP: 71/87 MP: 16/16
  8828 | D:10     | Found a hazy altar of Hepliaklqana.
  9080 | D:9      | Found a stormy altar of Qazlal.
  9249 | D:9      | Upgraded the game from 0.31-a0-1620-gcbf77bbcfc to
                  | 0.31-a0-1626-g5cb510d322
  9266 | D:9      | Reached ***** piety under Zin
  9503 | D:8      | Mangled by a wight

Illustrated notes

Levels and vault maps discovered:
D:1:      matt_arrival_spirals, layout_basic, minmay_misc_feat_diagonals
D:2:      layout_rooms, shapermc_ecumenical_altar_gd, cheibrodos_gnoll_hut,
          uniq_terence, uniq_jessica
D:3:      layout_basic, grunt_temple_overflow_order_and_chaos_1,
          mainiacjoe_overflow_surrounded_room, portal_sewer_entry_e
D:4:      lemuel_castle_with_subvaults [lemuel_castle_interior_carwin_2],
          layout_loops_cross, nicolae_elyvilon_temple_path, serial_shops,
          nicolae_shop_crystal, minmay_ruined_shrine, uniq_duvessa
D:5:      layout_loops_ring
D:6:      layout_rooms, general_overflow_altar, kennysheep_mini_moat,
          temple_statues, serial_shops, nicolae_shop_tiny_waterfront,
          uniq_blork_the_orc
D:7:      corexii_shantytown, layout_basic, lemuel_tele_altar, minitemple,
          gammafunk_ghost_cemetery, kennysheep_generic_room_5,
          uniq_prince_ribbit1, uniq_jeremiah
D:8:      layout_rooms, mainiacjoe_overflow_six_doors_small, uniq_erica
D:9:      layout_stronghold, nicolae_qazlal_general_emergency,
          old_standard_altar, minmay_door_square, uniq_grum
D:10:     layout_roguey, trog_three_pillars_becter, nzn_hepliaklqana_mist_gate,
          nzn_wu_jian_contemplation, lair_entry_dummy,
          nicolae_concentric_dashed_squares_wild, kennysheep_path_1
D:11:     layout_irregular_city, david_orc_4,
          hellmonk_okawaru_the_only_friend_you_need
D:12:     layout_irregular_city, serial_shops, shop, uniq_lodul, uniq_psyche
D:13:     evilmike_horseshoe, layout_layer_cave, kennysheep_generic_room_10

Skill      XL: |  1  2  3  4  5  6  7  8  9 10 |
---------------+-------------------------------+-----
Fighting       | 4 5 6 7 8 |  8.9
Armour         | 4 5 6 7 8 |  8.9
Shields        | 5 6 7 9 10 | 10.6
Staves         | 3 4 5 6 7 |  7.8
Invocations    | 2 3 5 7 |  7.8

Action                     |  1- 3 |  4- 6 |  7- 9 | 10-12 || total
---------------------------+-------+-------+-------+-------++-------
  Melee: Quarterstaff      |    52 |   192 |   439 |   235 ||   918
 Invoke: Recite            |       |       |     2 |     4 ||     6
Ability: Shaft Self        |       |       |     4 |       ||     4
         Dig               |       |       |       |     3 ||     3
    Use: Potion            |       |       |     1 |       ||     1
         Scroll            |       |       |     8 |       ||     8
   Stab: Invisible         |       |       |       |     2 ||     2
 Armour: Scale mail        |    36 |   187 |   241 |       ||   464
         Robe              |       |       |   110 |   194 ||   304
  Dodge: Dodged            |    17 |   113 |   224 |   170 ||   524
  Block: Buckler           |    17 |    70 |   146 |    99 ||   332

Table legend: (Time is in decaauts)
 A = Elapsed time spent in this place.
 B = Non-inter-level travel time spent in this place.
 C = Inter-level travel time spent in this place.
 D = Time resting spent in this place.
 E = Time spent auto-exploring this place.
 F = Levels seen in this place.
 G = Mean time per level.
                   A        B        C        D        E       F      G
               +--------+--------+--------+--------+--------+-----+--------+
         Total |   9625 |   9373 |    252 |   2562 |   4325 |  14 |  687.5 |
       Dungeon |   9115 |   8863 |    252 |   2470 |   4151 |  13 |  701.2 |
         Sewer |    509 |    509 |      0 |     92 |    174 |   1 |  509.0 |
               +--------+--------+--------+--------+--------+-----+--------+

Top non-repeatable levels by time:
     D:4: 1640 daAuts
     D:3: 1124 daAuts
     D:1: 1049 daAuts
     D:6: 998 daAuts
    D:10: 902 daAuts
    D:12: 807 daAuts
     D:2: 710 daAuts
     D:7: 542 daAuts
   Sewer: 509 daAuts
     D:9: 437 daAuts
     D:5: 358 daAuts
    D:11: 283 daAuts
    D:13: 186 daAuts
     D:8: 74 daAuts
